 Dungeon Crawl Stone Soup version 0.29-a0-393-g47a863cc1b (webtiles) character file.

Game seed: 1186861668565379140

1698 Lekart the Skirmisher (level 8, -2/73 HPs)
             Began as a Pale Draconian Chaos Knight on May 9, 2022.
             Was a Plaything of Xom.
             Slain by a killer bee (6 damage)
             ... on level 8 of the Dungeon.
             The game lasted 00:12:10 (5099 turns).

Lekart the Skirmisher (Pale Draconian Chaos Knight) Turns: 5099, Time: 00:12:11

Health: -2/73      AC:  8    Str: 15    XL:     8   Next: 72%
Magic:  10/10      EV: 13    Int: 12    God:    Xom [..*...]
Gold:   391        SH:  4    Dex: 13    Spells: 8/10 levels left

rFire   + . .      SeeInvis .   w - +4 halberd (elec)
rCold   . . .      Faith    .   (shield currently unavailable)
rNeg    . . .      Spirit   .   (body armour unavailable)
rPois   +          Reflect  .   (helmet restricted)
rElec   +          Harm     .   (no cloak)
rCorr   .          Rampage  .   (no gloves)
Will    .....                   m - +0 pair of boots "Ysohaph" {rElec rPois Regen+}
Stlth   +.........              (no amulet)
HPRegen 1.02/turn               (no ring)
MPRegen 0.12/turn               (no ring)

@: lethally poisoned (-2 -> -3), short of breath, studying Polearms
A: breathe steam, AC +6, unfitting armour, cold-blooded, steam resistance,
hooves 1, large bone plates 1, fire resistance 1, mutation resistance 1, shaggy
fur 1
a: Breathe Steam, Renounce Religion


You were on level 8 of the Dungeon.
You worshipped Xom.
You were a toy of Xom.
You visited 1 branch of the dungeon, and saw 6 of its levels.
You also visited: Sewer and Bailey.

You collected 412 gold pieces.
You spent 21 gold pieces at shops.

Inventory:

Hand Weapons
 a - a +1 falchion of chaos
 g - a +2 mace of venom
 w - a +4 halberd of electrocution (weapon)
Missiles
 k - 5 poisoned darts (quivered)
Armour
 m - the +0 pair of boots "Ysohaph" (worn) {rElec rPois Regen+}
   (Xom gifted it to you on level 2 of the Dungeon)

   rElec:     It insulates you from electricity.
   rPois:     It protects you from poison.
   Regen:     It increases your rate of health regeneration.
Jewellery
 t - an amulet of reflection
Scrolls
 d - a scroll of teleportation
 h - 2 scrolls of amnesia
 i - 4 scrolls of enchant armour
 o - a scroll of vulnerability
Potions
 c - 3 potions of lignification
 e - a potion of flight
 f - a potion of ambrosia
 j - 3 potions of brilliance
 l - 2 potions of magic
 n - 4 potions of mutation {unknown}
 p - a potion of berserk rage
 r - 6 potions of heal wounds
 s - a potion of cancellation
 u - a potion of might {unknown}
 x - 2 potions of invisibility {unknown}
 z - a potion of haste
Miscellaneous
 b - a piece from Xom's chessboard (15/15)


   Skills:
 * Level 7.1 Fighting
 + Level 3.4 Long Blades
 + Level 5.7 Maces & Flails
 + Level 1.5 Polearms
 + Level 1.3 Throwing
 + Level 4.4 Dodging
 + Level 2.2 Shields
 * Level 1.8 Spellcasting
 * Level 2.4 Transmutations
 * Level 2.1 Earth Magic
 + Level 0.8 Evocations


You had 8 spell levels left.
You knew the following spells:

 Your Spells              Type           Power      Damage    Failure   Level
a - Passwall              Tmut/Erth      5%         N/A       16%         2

Your spell library contained the following spells:

 Spells                   Type           Power      Damage    Failure   Level
 Pain                     Necr           4%         1d4       28%         1
 Ensorcelled Hibernation  Hex/Ice        2%         N/A       38%         2
 Spider Form              Tmut/Pois      4%         N/A       45%         3
 Frozen Ramparts          Ice            2%         1d2       63%         3
 Swiftness                Air            1%         N/A       63%         3
 Ice Form                 Ice/Tmut       4%         N/A       86%         4
 Anguish                  Hex/Necr       0%         N/A       95%         4
 Summon Ice Beast         Ice/Summ       1%         N/A       95%         4


Dungeon Overview and Level Annotations

Branches:
Dungeon (5/15)              Sewer (visited)          Bailey (visited)
 Temple: D:4-7

Altars:
Kikubaaqudgha
Sif Muna
Vehumet
Xom

Shops:
D:5 *


Innate Abilities, Weirdness & Mutations

You can breathe blasts of scalding, opaque steam.
Your pale cyan-grey scales are hard. (AC +6)
You cannot fit into any form of body armour.
You are cold-blooded and may be slowed by cold attacks.
You are immune to the effects of steam.
You have large cloven feet.
You are partially covered in large bone plates. (SH +4)
Your flesh is heat resistant. (rF+)
You are somewhat resistant to further mutation.
You are covered in fur. (AC +1)


Message History

You are poisoned.
The killer bee poisons you! The killer bee barely misses you.
You miss the killer bee.
You feel sick. The killer bee barely misses you. The killer bee stings you!
The killer bee closely misses you.
You miss the killer bee.
Your tail-slap misses the killer bee.
You feel sick. The killer bee barely misses you. The killer bee stings you.
You miss the killer bee.
You feel sick. The killer bee completely misses you.
The killer bee barely misses you. The killer bee misses you.
You closely miss the killer bee.
Your tail-slap misses the killer bee.
You feel sick.
You are no longer poisoned.
The killer bee stings you but does no damage.
The killer bee closely misses you.
The killer bee stings you but does no damage.
You barely miss the killer bee.
Your tail-slap misses the killer bee.
You block the killer bee's attack. The killer bee stings you.
* * * LOW HITPOINT WARNING * * *
The killer bee misses you.
You barely miss the killer bee.
Your tail-slap misses the killer bee.
The killer bee stings you.
* * * LOW HITPOINT WARNING * * *
The killer bee stings you!
* * * LOW HITPOINT WARNING * * *
You are poisoned.
The killer bee poisons you! You block the killer bee's attack.
Aiming: Breathe Steam (1% risk of failure)
Press: ? - help, Shift-Dir - straight line, f - killer bee
Aim: a killer bee (43% to hit)
You exhale a blast of scalding steam.
The ball of steam hits the killer bee!
The killer bee is heavily wounded.
You feel sick. The killer bee stings you.
* * * LOW HITPOINT WARNING * * *
The killer bee is engulfed in a cloud of scalding steam.
The killer bee barely misses you.
You closely miss the killer bee. You tail-slap the killer bee.
The killer bee is severely wounded.
You feel sick.
The killer bee is engulfed in a cloud of scalding steam.
The killer bee stings you.
You die...

.......... .#........
......... .........
###.......
........#*#.........
#...)...# #........#
........###........ ###.
, *#)).......... .....
.#####)........###......
....))>)........@y§.....
.#####.........###......
.* #)†.......# .....
.#####.........# ....
.................. ...
................... ..
.................... .
....................
....................


You could see a killer bee.

Vanquished Creatures
  A water moccasin (D:8)
  An orc warrior (Bailey)
  Pargi (Sewer)
  An ogre (D:4)
  A centaur (D:8)
  A kobold brigand (D:4)
  A phantom (D:5)
  2 gnoll sergeants
  A scorpion (D:4)
  3 killer bees
  A hound (D:4)
  4 orc priests
  A jelly (D:4)
  4 orc wizards
  3 iguanas
  17 gnolls
  11 adders
  3 worms (D:2)
  2 dart slugs (D:4)
  28 orcs
  7 endoplasms
  7 giant cockroaches
  9 goblins
  10 hobgoblins
  13 jackals
  5 quokkas
  6 ball pythons
  6 bats
  4 frilled lizards
  9 kobolds
  7 rats
170 creatures vanquished.

Notes
Turn   | Place    | Note
-------+----------+-------------------------------------------
     0 | D:1      | Lekart the Draconian Chaos Knight began the quest for the
                  | Orb.
     0 | D:1      | Reached XP level 1. HP: 19/19 MP: 1/1
    83 | D:1      | XOM: confuse monster(s)
   134 | D:1      | XOM: give mutations
   134 | D:1      | Gained mutation: You are partially covered in large bone
                  | plates. (SH +4) [Xom's grace]
   134 | D:1      | Gained mutation: You have large cloven feet. [Xom's grace]
   134 | D:1      | Gained mutation: You are covered in fur. (AC +1) [Xom's
                  | grace]
   134 | D:1      | Gained mutation: Your flesh is heat resistant. (rF+) [Xom's
                  | grace]
   321 | D:1      | Reached XP level 2. HP: 27/27 MP: 2/2
   842 | D:1      | Reached skill level 4 in Fighting
   851 | D:1      | XOM: confuse monster(s)
   853 | D:1      | Reached XP level 3. HP: 28/33 MP: 3/3
  1035 | D:1      | XOM: give mutation
  1035 | D:1      | Gained mutation: You are somewhat resistant to further
                  | mutation. [Xom's grace]
  1614 | D:2      | Identified the +0 pair of boots "Ysohaph" {rElec rPois
                  | Regen+} (Xom gifted it to you on level 2 of the Dungeon)
  1614 | D:2      | XOM: god gift: +0 pair of boots "Ysohaph" {rElec rPois
                  | Regen+}
  1621 | D:2      | XOM: divination: detect creatures
  1722 | D:2      | Reached XP level 4. HP: 40/40 MP: 4/4
  1845 | D:2      | XOM is BORED!
  1845 | D:2      | XOM: silly message
  1881 | D:2      | Reached skill level 1 in Throwing
  1934 | D:2      | XOM: divination: magic mapping
  1992 | D:2      | XOM: silly message
  2180 | D:3      | Reached skill level 1 in Maces & Flails
  2255 | D:3      | XOM: silly message
  2271 | D:3      | XOM: butterfly on damage
  2274 | D:3      | Reached skill level 1 in Shields
  2274 | D:3      | Reached XP level 5. HP: 37/47 MP: 5/5
  2744 | D:3      | Found a glowing drain.
  2764 | Sewer    | XOM: noise
  2764 | Sewer    | Entered a sewer
  2790 | Sewer    | Noticed Pargi
  2802 | Sewer    | Killed Pargi
  2803 | Sewer    | Reached skill level 5 in Fighting
  2803 | Sewer    | Reached XP level 6. HP: 36/56 MP: 6/6
  2902 | D:3      | XOM: silly message
  3013 | D:3      | XOM: 2-stop teleportation journey
  3203 | D:4      | XOM: torment (29/56 hp)
  3373 | D:4      | XOM: polymorph iguana -> killer bee
  3381 | D:4      | Your scales start taking on a pale cyan-grey colour.
  3381 | D:4      | Reached XP level 7. HP: 61/61 MP: 7/7
  3381 | D:4      | Gained mutation: You are immune to the effects of steam.
                  | [Pale Draconian growth]
  3463 | D:4      | XOM: 2-stop teleportation journey
  3528 | D:4      | XOM: scenery: create altars
  3563 | D:4      | XOM: 3-stop teleportation journey
  3605 | D:4      | Reached skill level 6 in Fighting
  3826 | D:4      | Found an ancient bone altar of Kikubaaqudgha.
  3826 | D:4      | Found a shimmering blue altar of Sif Muna.
  3828 | D:4      | Found a radiant altar of Vehumet.
  3831 | D:4      | Got Kikubaaqudgha's Incunabulum of Sinister Arts
  3930 | D:4      | XOM is BORED!
  3998 | D:5      | Entered Level 5 of the Dungeon
  4012 | D:4      | Reached skill level 5 in Maces & Flails
  4053 | D:5      | Learned a level 2 spell: Passwall
  4061 | D:5      | XOM: silly message
  4210 | D:5      | Found Seuc Qay's Assorted Antiques.
  4220 | D:5      | Reached XP level 8. HP: 66/71 MP: 8/8
  4227 | D:5      | Bought a bubbling dark potion for 21 gold pieces
  4293 | D:5      | You fall into a shaft and drop 3 floors!
  4309 | D:8      | Found a flagged portal.
  4330 | Bailey   | Entered a bailey
  4365 | Bailey   | Reached skill level 1 in Spellcasting
  4642 | Bailey   | Reached skill level 1 in Transmutations
  4693 | Bailey   | Reached skill level 1 in Earth Magic
  4784 | Bailey   | Acquired a manual of Polearms
  4962 | D:8      | XOM: potion effect (haste)
  4976 | D:8      | Reached skill level 1 in Polearms
  5036 | D:8      | XOM: divination: magic mapping
  5077 | D:8      | Reached skill level 7 in Fighting
  5099 | D:8      | Slain by a killer bee

Illustrated notes

Levels and vault maps discovered:
D:1:      dpeg_arrival_more_subterranean_lakeside_camping, layout_basic,
          serial_park_tiny_2
D:2:      layout_basic, hangedman_glass_teeth, kennysheep_generic_room_6
D:3:      layout_basic, portal_sewer_entry_c
D:4:      layout_basic, grunt_temple_overflow_magic_moments, minmay_starry_boxes
D:5:      layout_rooms, marbit_many_paths, serial_shops, shop
D:8:      layout_basic, enter_bailey_3

Skill      XL: |  1  2  3  4  5  6  7  8 |
---------------+-------------------------+-----
Fighting       | 4 5 6 7 |  7.1
Throwing       | 1 |  1.3
Maces & Flails | 1 3 4 5 |  5.7
Shields        | 1 2 |  2.2
Dodging        | 3 4 |  4.4
Spellcasting   | 1 |  1.8
Transmutations | 2 |  2.4
Earth Magic    | 2 |  2.1
Polearms       | 1 |  1.5
Long Blades    | |  3.4
Evocations     | |  0.8

Action                   |  1- 3 |  4- 6 |  7- 9 || total
-------------------------+-------+-------+-------++-------
Melee: Falchion          |    47 |       |       ||    47
       Tailslap          |     8 |    16 |    24 ||    48
       Mace              |    37 |   160 |   152 ||   349
       Kick              |    14 |       |       ||    14
       Punch             |     1 |     2 |     3 ||     6
       Halberd           |       |       |    65 ||    65
Throw: Dart              |    22 |       |     2 ||    24
 Abil: Breathe Steam     |       |       |     8 ||     8
Evoke: Piece from Xom's  |     1 |       |       ||     1
       Wand              |       |       |     2 ||     2
  Use: Scroll            |     5 |     7 |     4 ||    16
       Potion            |       |     6 |     2 ||     8
 Stab: Confused          |     1 |       |       ||     1
       Sleeping          |       |     3 |     1 ||     4
Armor: Skin              |    36 |    76 |    69 ||   181
Dodge: Dodged            |    57 |    99 |   182 ||   338
Block: Other             |    13 |    38 |    48 ||    99

Table legend: (Time is in decaauts)
 A = Elapsed time spent in this place.
 B = Non-inter-level travel time spent in this place.
 C = Inter-level travel time spent in this place.
 D = Time resting spent in this place.
 E = Time spent auto-exploring this place.
 F = Levels seen in this place.
 G = Mean time per level.
                   A        B        C        D        E       F      G
               +--------+--------+--------+--------+--------+-----+--------+
         Total |   5192 |   5051 |    141 |    200 |   3472 |   8 |  649.0 |
       Dungeon |   4494 |   4353 |    141 |     24 |   3317 |   6 |  749.0 |
         Sewer |    105 |    105 |      0 |      0 |     66 |   1 |  105.0 |
        Bailey |    592 |    592 |      0 |    176 |     89 |   1 |  592.0 |
               +--------+--------+--------+--------+--------+-----+--------+

Top non-repeatable levels by time:
     D:1: 1151 daAuts
     D:2: 1005 daAuts
     D:3: 910 daAuts
     D:4: 904 daAuts
  Bailey: 592 daAuts
     D:5: 290 daAuts
     D:8: 231 daAuts
   Sewer: 105 daAuts
